AoeStats
← ccereal

Black Forest

509187060Analyzed
2v2 RM · 7d ago on Sep 25, 2026· 42m 0s· 4 players
Game mode
Random Map
Map size
Medium (4 player)
Population
200
Speed
Normal
Resources
Standard
Victory
Conquest
Starting age
Dark Age
Ending age
Imperial Age
RankedLock teamsTeams togetherTeam positionsShared explorationLock speedFull tech treeHidden civsTurbo modeCheats
Victory
Defeat
🇫🇷 Saracens · France
1582
+12
🇫🇷 Armenians · France
1508
+15
🇩🇪 Danes · Germany
1505
-14
🇧🇬 Khmer · Bulgaria
1472
-13
Just a Hater
11:35 Feudal Age
11:03 Loom
19:36 Castle Age
18:36 Double-Bit Axe
25:31 Bow Saw
32:08 Horse Collar
33:56 Heavy Plow
38:39 Imperial Age
37:50 Wheelbarrow
37:02 Town Watch
39:37 Heavy Scorpion
Rabbit
1:35 Loom
12:56 Feudal Age
17:03 Castle Age
26:39 Double-Bit Axe
28:35 Stone Mining
32:01 Bow Saw
32:46 Fletching
34:39 Scale Mail Armor
35:41 Squires
35:57 Chain Mail Armor
37:05 Wheelbarrow
41:40 Imperial Age
38:54 Horse Collar
42:33 Ballistics
ccereal
8:25 Feudal Age
7:00 Loom
12:16 Fletching
12:47 Padded Archer Armor
20:15 Double-Bit Axe
22:06 Wheelbarrow
25:33 Castle Age
25:10 Horse Collar
25:23 Town Watch
26:42 Bow Saw
30:06 Imperial Age
27:44 Gold Mining
28:32 Bodkin Arrow
27:58 Crossbowman
30:54 Ballistics
30:11 Arbalester
30:54 Bracer
33:37 Chemistry
35:05 Heavy Plow
36:11 Siege Engineers
37:35 Leather Archer Armor
39:01 Murder Holes
42:42 Conscription
Frorok
6:35 Loom
9:20 Feudal Age
9:52 Double-Bit Axe
12:23 Horse Collar
17:44 Wheelbarrow
21:17 Castle Age
22:20 Bow Saw
22:02 Gold Mining
21:38 Light Cavalry
22:29 Forging
23:11 Bloodlines
23:47 Iron Casting
25:33 Stone Mining
28:21 Redemption
28:30 Heavy Plow
30:14 Fervor
30:25 Sanctity
30:31 Hand Cart
30:05 Town Watch
30:52 Fletching
34:52 Imperial Age
32:22 Pikeman
33:02 Squires
32:48 Arson
33:04 Scale Mail Armor
33:38 Halberdier
35:37 Gold Shaft Mining
35:43 Chain Mail Armor
36:22 Conscription
36:54 Plate Mail Armor
37:25 Blast Furnace
36:46 Bodkin Arrow
37:04 Fereters
38:04 Block Printing
39:03 Block Printing
38:47 Man-at-Arms
39:13 Gambesons
40:10 Long Swordsman
40:48 Two-Handed Swordsman
41:54 Champion
Connection lost

Rejoining the realm…

Still unreachable

The connection could not be restored.

Session expired

The server has moved on; the page needs a fresh start.